 Dungeon Crawl Stone Soup version 0.30-a0-879-ga8ba668304 (webtiles) character file.

Game seed: 652478053304924692

98 Mickster the Covered (level 4, -3/38 HPs)
             Began as a Demigod Fighter on Mar 13, 2023.
             Slain by an orc
             ... wielding a +0 trident
              (5 damage)
             ... on level 3 of the Dungeon.
             The game lasted 00:14:04 (1909 turns).

Mickster the Covered (Demigod Fighter)              Turns: 1909, Time: 00:14:05

Health: -3/38      AC:  8    Str: 21    XL:     4   Next: 20%
Magic:  6/6        EV:  9    Int: 10    God:
Gold:   56         SH:  4    Dex: 13    Spells: 3/3 levels left

rFire   . . .      SeeInvis .    j - +1 dagger (freeze)
rCold   . . .      Faith    .    c - +0 buckler
rNeg    . . .      Spirit   .    b - +0 scale mail
rPois   .          Reflect  .    (no helmet)
rElec   .          Rampage  .    (no cloak)
rCorr   .                        f - +0 pair of gloves
Will    .....                    (no boots) Stlth
                                 (no amulet)
HPRegen 0.26/turn                (no ring)
MPRegen 0.10/turn                (no ring)

@: brilliant
A: high MP 1, forlorn, divine attributes
a: no special abilities


You were on level 3 of the Dungeon.
You visited 1 branch of the dungeon, and saw 3 of its levels.

You collected 56 gold pieces.

Inventory:

Hand Weapons
 a - a +0 war axe
 h - a +0 rapier
 j - a +1 dagger of freezing (weapon)
 o - a +0 sling
Missiles
 e - 6 stones
 i - 5 poisoned darts (quivered)
Armour
 b - a +0 scale mail (worn)
 c - a +0 buckler (worn)
 f - a +0 pair of gloves (worn)
Scrolls
 d - a scroll of magic mapping
 g - 2 scrolls of identify
 l - a scroll of teleportation
Potions
 p - a potion of curing


   Skills:
 + Level 3.1 Fighting
 * Level 0.6 Short Blades
 - Level 2.8 Axes
 + Level 3.2 Armour
 + Level 0.7 Dodging
 + Level 3.1 Shields


You had 3 spell levels left.
You didn't know any spells.
Your spell library contained the following spells:

 Spells                   Type           Power      Damage    Failure   Level
 Poisonous Vapours        Pois/Air       0%         N/A       90%         2
 Eringya's Noxious Bog    Tmut/Pois      0%         N/A       100%        6
 Storm Form               Tmut/Air       0%         N/A       100%        7


Dungeon Overview and Level Annotations

Branches:
Dungeon (3/15)

Shops:
D:2 =


Innate Abilities, Weirdness & Mutations

You have an increased reservoir of magic. (+10% MP)
You shall have no god before yourself.
Your divine heritage dramatically boosts your attributes as you level up.


Message History

You hit the orc. You freeze the orc.
The orc is moderately wounded.
The orc barely misses you.
You barely miss the orc.
The orc is moderately wounded.
The orc barely misses you. The orc hits you but does no damage.
You hit the orc. You freeze the orc.
The orc is almost dead.
The orc hits you from afar with a +0 trident.
You block the orc's attack.
You hit the orc. You freeze the orc.
You kill the orc!
The orc barely misses you.
The orc priest invokes the aid of Beogh against you.
Beogh smites you! The orc hits you with a +0 trident.
The orc priest closely misses you.
Things that are here:
a +0 club; a +0 leather armour You closely miss the orc priest.
The orc priest is lightly wounded.
The orc barely misses you.
The orc priest hits you but does no damage.
You hit the orc priest. You freeze the orc priest.
The orc priest is heavily wounded.
The orc hits you with a +0 trident.
The orc priest hits you with a +0 flail!
* * * LOW HITPOINT WARNING * * *
You hit the orc priest but do no damage.
The orc priest is heavily wounded.
The orc completely misses you.
The orc priest hits you with a +0 flail.
* * * LOW HITPOINT WARNING * * *
You hit the orc priest. You freeze the orc priest.
The orc priest is heavily wounded.
The orc hits you but does no damage.
The orc priest hits you but does no damage.
You hit the orc priest. You freeze the orc priest.
The orc priest is severely wounded.
The orc hits you with a +0 trident.
You die...

.# # .# <#.#
#..# #..#
#.###o. #.ooo#
##.#@# #..#.#
#.##.# #.##.#
#.##.# #.##.#
##.#######.##.#
#.....<.......#
#.##############


You could see an orc priest, an orc wizard and 2 orcs.

Vanquished Creatures
  4 adders (D:2)
  2 worms (D:2)
  3 dart slugs (D:2)
  An orc (D:3)
  5 bats
  3 endoplasms (D:1)
  5 giant cockroaches
  2 hobgoblins (D:2)
  7 jackals
  A quokka (D:2)
  4 ball pythons
  4 frilled lizards
  3 kobolds
  6 rats
50 creatures vanquished.

Notes
Turn   | Place    | Note
-------+----------+-------------------------------------------
     0 | D:1      | Mickster the Demigod Fighter began the quest for the Orb.
     0 | D:1      | Reached XP level 1. HP: 18/18 MP: 3/3
   496 | D:1      | Reached XP level 2. HP: 25/25 MP: 4/4
   670 | D:1      | Got Toahiy's Lectures on Cloudy Virulence
   730 | D:2      | Reached XP level 3. HP: 5/30 MP: 5/5
  1267 | D:2      | Reached XP level 4. HP: 38/38 MP: 6/6
  1468 | D:2      | Found Jifyjischi's Jewellery Shoppe.
  1909 | D:3      | Slain by an orc

Illustrated notes

Levels and vault maps discovered:
D:1:      roderic_chinese_lattice_arrival, layout_basic
D:2:      minmay_door_path, layout_loops_ring, serial_shops,
          nicolae_shop_hallway_plus
D:3:      layout_loops_ring, mainiacjoe_overflow_six_doors_small, serial_shops,
          nicolae_square_shop, nicolae_figureground_sparkle

Skill      XL: |  1  2  3 |
---------------+----------+-----
Axes           | 2 |  2.8
Armour         | 3 |  3.2
Fighting       | 3 |  3.1
Shields        | 3 |  3.1
Short Blades   | |  0.6
Dodging        | |  0.7

Action                     |  1- 3 |  4- 6 || total
---------------------------+-------+-------++-------
  Melee: War axe           |   112 |       ||   112
         Dagger            |    28 |    37 ||    65
  Throw: Dart              |     2 |       ||     2
    Use: Scroll            |     3 |     5 ||     8
         Potion            |     3 |     3 ||     6
 Armour: Scale mail        |   104 |    10 ||   114
  Dodge: Dodged            |    78 |    19 ||    97
  Block: Buckler           |    45 |     6 ||    51

Table legend: (Time is in decaauts)
 A = Elapsed time spent in this place.
 B = Non-inter-level travel time spent in this place.
 C = Inter-level travel time spent in this place.
 D = Time resting spent in this place.
 E = Time spent auto-exploring this place.
 F = Levels seen in this place.
 G = Mean time per level.
                   A        B        C        D        E       F      G
               +--------+--------+--------+--------+--------+-----+--------+
         Total |   1938 |   1910 |     28 |    638 |      0 |   3 |  646.0 |
       Dungeon |   1938 |   1910 |     28 |    638 |      0 |   3 |  646.0 |
               +--------+--------+--------+--------+--------+-----+--------+

Top non-repeatable levels by time:
     D:2: 1176 daAuts
     D:1: 741 daAuts
     D:3: 21 daAuts
